 Dungeon Sprint DCSS version 0.28-a0-1374-ga75cb3825e (webtiles) character file.

Game seed: 11009010902196202482

59396 mhtbhm the Shatterer (level 14, -11/264 HPs)
             Began as a Troll Berserker on Dec 31, 2021.
             Was the Champion of Trog.
             Killed from afar by an ironbound frostheart (24 damage)
             ... by creeping frost
             ... in the Dungeon (Sprint IX: "|||||||||||||||||||||||||||||").
             The game lasted 00:10:18 (4136 turns).

mhtbhm the Shatterer (Troll Berserker)              Turns: 4136, Time: 00:10:19

Health: -11/264    AC:  9    Str: 32    XL:     14   Next: 53%
Magic:  13/13      EV: 12    Int:  3    God:    Trog [******]
Gold:   1068       SH:  0    Dex:  6    Spells: 13/13 levels left

rFire   + + +      SeeInvis .   a - +6 giant spiked club "Izeimnia" {vorpal, rElec rF++ rCorr Dex-3}
rCold   + . .      Faith    .   (shield currently unavailable)
rNeg    . . .      Spirit   .   b - +2 robe "Daleloo" {Rampage rF+ rC+}
rPois   .          Reflect  .   (helmet restricted)
rElec   +          Harm     .   k - +0 cloak
rCorr   +          Rampage  +   (gloves unavailable)
Will    ++...      NoTele   +   (boots unavailable)
Stlth   ..........              z - amulet of magic regeneration
HPRegen 1.34/turn               y - ring of willpower
MPRegen 0.53/turn               l - +2 ring of protection

@: berserking (expiring), marked, very quick
A: large, unfitting armour, claws 3, regeneration 1, shaggy fur 1, tough skin 1
a: Renounce Religion, Berserk, Trog's Hand, Brothers in Arms


You were in the Dungeon.
You worshipped Trog.
Trog was exalted by your worship.
You visited 1 branch You collected 1929 gold pieces.
You spent 861 gold pieces at shops.

Inventory:

Hand Weapons
 a - the +6 giant spiked club "Izeimnia" (weapon) {vorpal, rElec rF++ rCorr Dex-3}
   (Trog gifted it to you in the Dungeon)

   It inflicts extra damage upon your enemies.
   Dex:       It affects your dexterity (-3).
   rF:        It greatly protects you from fire.
   rElec:     It insulates you from electricity.
   rCorr:     It protects you from acid and corrosion.
Missiles
 x - 6 javelins (quivered)
 A - 15 large rocks
 C - 2 throwing nets
Armour
 b - the +2 robe "Daleloo" (worn) {Rampage rF+ rC+}
   (You found it in the Dungeon)

   rF:        It protects you from fire.
   rC:        It protects you from cold.
   Rampage:   It bestows one free step when moving towards enemies.
 k - a +0 cloak (worn)
Jewellery
 l - a +2 ring of protection (right claw)
 y - a ring of willpower (left claw)
 z - an amulet of magic regeneration (around neck)
Wands
 j - a wand of acid (9)
 B - a wand of iceblast (9)
Scrolls
 h - 2 scrolls of blinking
 o - 2 scrolls of fog
 p - 2 scrolls of fear
 q - 7 scrolls of enchant weapon
 r - 5 scrolls of identify
 w - a scroll of holy word
Potions
 c - 9 potions of curing
 d - 4 potions of mutation
 e - 3 potions of resistance
 f - 4 potions of magic
 g - 3 potions of berserk rage
 i - 2 potions of heal wounds
 m - a potion of might
 n - 5 potions of haste
 s - a potion of flight
 t - a potion of lignification
 u - a potion of invisibility
 v - a potion of attraction


   Skills:
 + Level 20.7 Fighting
 + Level 25.3 Maces & Flails
 + Level 15.5 Dodging
 + Level 4.3 Stealth
 + Level 1.5 Evocations


You had 13 spell levels left.
You didn't know any spells.
Your spell library was empty.

Dungeon Overview and Level Annotations

Branches:
Dungeon (1/1)

Altars:
Cheibriados
Dithmenos
Elyvilon
Fedhas
Gozag
Hepliaklqana
Kikubaaqudgha
Makhleb
Nemelex Xobeh
Okawaru
Qazlal
Ru
Sif Muna
Trog
Uskayaw
Vehumet
Wu Jian
Xom
Yredelemnul
Zin
The Shining One
Beogh
Jiyva
Lugonu

Shops:
D ?((!


Innate Abilities, Weirdness & Mutations

You are too large for most types of armour.
You have claws for hands.
Your natural rate of healing is unusually fast.
You are covered in fur. (AC +1)
You have tough skin. (AC +1)


Message History

* * * LOW HITPOINT WARNING * * *
The ironbound frostheart calls freezing cold from the walls.
The frost grips you! You partially resist.
* * * LOW HITPOINT WARNING * * *
You completely miss the vault sentinel.
The vault sentinel is almost dead.
The ice encasing you melts away.
Strange energies crackle from the ironbound thunderhulk's apparatus.
The ironbound thunderhulk blinks!
Unknown command.
You closely miss the vault sentinel.
The vault sentinel is almost dead.
The vault sentinel blows a loud note on a signal horn!
The wizard casts a spell.
The wizard blinks!
The ironbound frostheart calls freezing cold from the walls.
The frost grips you! You partially resist.
* * * LOW HITPOINT WARNING * * *
You are encased in ice.
Unknown command.
You rampage towards the ironbound thunderhulk!
You hammer the ironbound thunderhulk like a gong!!!
The ironbound thunderhulk is heavily wounded.
The ironbound thunderhulk hits you with a +0 dire flail!
* * * LOW HITPOINT WARNING * * *
You sock the ironbound thunderhulk!
The ironbound thunderhulk is severely wounded.
The vault sentinel points at you and mumbles some strange words.
You barely resist.
Unknown command.
You barely miss the ironbound thunderhulk.
The ironbound thunderhulk is severely wounded.
The ironbound thunderhulk hits you with a +0 dire flail!
* * * LOW HITPOINT WARNING * * *
You impale the ironbound thunderhulk!!
The ironbound thunderhulk is almost dead.
The ice encasing you melts away.
The ironbound frostheart calls freezing cold from the walls.
The frost grips you!! You partially resist.
You die...

▓p▓.▓.▓.▓.▓.▓)▓.▓'
▓p▓.▓.▓.▓.▓.▓)▓.▓.
▓p▓.▓.▓.▓.▓.▓∩▓.▓.
▓c▓.▓.▓.▓.▓.▓.▓.▓.
▓Y▓.▓.▓.▓.▓.▓∩▓.▓.
▓p▓.▓p▓.▓)▓.▓)▓.▓.
▓.▓.▓)▓.▓)▓.▓∩▓.▓.
▓p▓.▓.▓.▓)▓.▓.▓.▓.
▓@▓.▓.▓.▓)▓.▓∩▓.▓.
▓O▓.▓'▓†▓)▓.▓)▓.▓.
▓[▓.▓.▓.▓)▓.▓)▓.▓.
▓)▓.▓.▓.▓)▓.▓)▓.▓.
▓.▓.▓.▓.▓'▓.▓)▓.▓†
▓)▓.▓.▓.▓.▓.▓)▓.▓'
▓)▓.▓.▓.▓.▓.▓)▓.▓)
▓)▓.▓p▓.▓.▓.▓.▓.▓.
▓)▓.▓.▓.▓.▓.▓.▓.▓.


You could see a dire elephant, an ironbound thunderhulk, a yaktaur captain, an
ironbound frostheart, a vault sentinel and 2 wizards.

Vanquished Creatures
  Kirke (D)
  A shadow dragon (D)
  A fire giant (D)
  Aizul (D)
  A broodmother (D)
  4 ironbound thunderhulks (D)
  A stone giant (D)
  2 vampire knights (D)
  2 very ugly things (D)
  An eleionoma (D)
  A bunyip (D)
  An ettin (D)
  A fire dragon (D)
  A yaktaur captain (D)
  4 great orbs of eyes (D)
  A rakshasa (D)
  2 ironbound frosthearts (D)
  A catoblepas (D)
  A boulder beetle (D)
  3 centaur warriors (D)
  A hydra (D)
  An ice dragon (D)
  An anaconda (D)
  2 two-headed ogres (D)
  A radroach (D)
  3 death yaks (D)
  3 deep troll earth magi (D)
  2 deep troll shamans (D)
  Urug (D)
  8 orc high priests (D)
  2 tengu warriors (D)
  A spriggan berserker (D)
  A shock serpent (D)
  A naga sharpshooter (D)
  A spriggan (D)
  A pharaoh ant (D)
  2 sea snakes (D)
  A glowing orange brain (D)
  A spriggan druid (D)
  A swamp dragon (D)
  An orb spider (D)
  A flayed ghost (D)
  6 orc knights (D)
  A necromancer (D)
  2 wizards (D)
  An ugly thing (D)
  2 cyclopes (D)
  A manticore (D)
  2 black mambas (D)
  An elephant (D)
  2 naga magi (D)
  A vault sentinel (D)
  3 cane toads (D)
  3 komodo dragons (D)
  2 yaktaurs (D)
  A demonic crawler (D)
  A tengu conjurer (D)
  2 merfolk (D)
  2 tyrant leeches (D)
  A hornet (D)
  A slime creature (D)
  2 jumping spiders (D)
  3 snapping turtles (D)
  10 yaks (D)
  A shadow (D)
  Eustachio (D)
  A hog (D)
  2 redbacks (D)
  A wraith (D)
  2 basilisks (D)
  A water elemental (D)
  A steam dragon (D)
  Grum (D)
  2 nagas (D)
  2 vampire mosquitoes (D)
  13 orc warriors (D)
  A necrophage (D)
  3 wolves (D)
  3 bullfrogs (D)
  2 killer bees (D)
  A howler monkey (D)
  A hound (D)
  4 orc priests (D)
  A jelly (shapeshifter) (D)
  2 orc wizards (D)
  2 adders (D)
  5 orcs (D)
  2 giant cockroaches (D)
  A ball python skeleton (D)
  A frilled lizard (D)
  A kobold (D)
  A rat (D)
177 creatures vanquished.

Notes
Turn   | Place    | Note
-------+----------+-------------------------------------------
     0 | D        | mhtbhm the Troll Berserker began the quest for the Orb.
     0 | D        | Reached XP level 1. HP: 22/22 MP: 0/0
    16 | D        | Reached skill level 3 in Maces & Flails
    16 | D        | Reached ** piety under Trog
   127 | D        | Noticed a necrophage
   127 | D        | Noticed a hound
   132 | D        | Reached XP level 2. HP: 31/31 MP: 1/1
   153 | D        | Reached skill level 4 in Maces & Flails
   153 | D        | Reached XP level 3. HP: 33/39 MP: 2/2
   161 | D        | Killed a necrophage
   161 | D        | Reached *** piety under Trog
   162 | D        | Reached skill level 5 in Fighting
   162 | D        | Reached skill level 6 in Maces & Flails
   162 | D        | Reached skill level 5 in Dodging
   162 | D        | Reached XP level 4. HP: 34/50 MP: 3/3
   164 | D        | Reached XP level 5. HP: 35/57 MP: 4/4
   363 | D        | Found a snail-covered altar of Cheibriados.
   363 | D        | Found a shadowy altar of Dithmenos.
   363 | D        | Found a white marble altar of Elyvilon.
   363 | D        | Found a blossoming altar of Fedhas.
   363 | D        | Found an opulent altar of Gozag.
   364 | D        | Found a hazy altar of Hepliaklqana.
   365 | D        | Found a viscous altar of Jiyva.
   366 | D        | Found an ancient bone altar of Kikubaaqudgha.
   367 | D        | Found a corrupted altar of Lugonu.
   368 | D        | Found a burning altar of Makhleb.
   369 | D        | Found a sparkling altar of Nemelex Xobeh.
   370 | D        | Found an iron altar of Okawaru.
   371 | D        | Found a stormy altar of Qazlal.
   372 | D        | Found a sacrificial altar of Ru.
   373 | D        | Found a shimmering blue altar of Sif Muna.
   374 | D        | Found a bloodstained altar of Trog.
   375 | D        | Found a hide-covered altar of Uskayaw.
   376 | D        | Found a radiant altar of Vehumet.
   377 | D        | Found an ornate altar of the Wu Jian Council.
   378 | D        | Found a shimmering altar of Xom.
   379 | D        | Found a basalt altar of Yredelemnul.
   380 | D        | Found a glowing silver altar of Zin.
   381 | D        | Found a glowing golden altar of the Shining One.
   420 | D        | Noticed a wraith
   420 | D        | Noticed a yak
   420 | D        | Noticed a yak
   430 | D        | Killed a yak
   430 | D        | Reached **** piety under Trog
   431 | D        | Reached skill level 8 in Maces & Flails
   431 | D        | Reached XP level 6. HP: 68/68 MP: 5/5
   435 | D        | Killed a yak
   436 | D        | Reached skill level 9 in Maces & Flails
   436 | D        | Reached XP level 7. HP: 64/78 MP: 6/6
   438 | D        | Killed a wraith
   442 | D        | Reached ***** piety under Trog
   474 | D        | Noticed a shadow
   474 | D        | Noticed a slime creature
   474 | D        | Noticed a two-headed ogre
   474 | D        | Noticed a vampire mosquito
   474 | D        | Noticed a two-headed ogre
   485 | D        | Killed a two-headed ogre
   486 | D        | Reached skill level 11 in Maces & Flails
   486 | D        | Reached XP level 8. HP: 46/91 MP: 7/7
   488 | D        | Received a gift from Trog
   545 | D        | Killed a two-headed ogre
   546 | D        | Reached skill level 12 in Maces & Flails
   546 | D        | Reached XP level 9. HP: 77/100 MP: 8/8
   554 | D        | Reached skill level 10 in Dodging
   561 | D        | Reached skill level 10 in Fighting
   738 | D        | Noticed a komodo dragon
   738 | D        | Noticed a cane toad
   918 | D        | Noticed a komodo dragon
   923 | D        | Reached skill level 13 in Maces & Flails
   938 | D        | Killed a cane toad
   939 | D        | Received a gift from Trog
  1008 | D        | Killed a komodo dragon
  1011 | D        | Killed a komodo dragon
  1012 | D        | Reached skill level 14 in Maces & Flails
  1022 | D        | Reached XP level 10. HP: 109/113 MP: 9/9
  1063 | D        | Noticed a cane toad
  1063 | D        | Noticed a cane toad
  1066 | D        | Killed a cane toad
  1068 | D        | Received a gift from Trog
  1069 | D        | Reached skill level 1 in Stealth
  1069 | D        | Noticed an elephant
  1076 | D        | Killed a cane toad
  1077 | D        | Reached skill level 15 in Maces & Flails
  1087 | D        | Killed an elephant
  1159 | D        | Noticed a death yak
  1159 | D        | Noticed a death yak
  1159 | D        | Noticed a catoblepas
  1163 | D        | Killed a catoblepas
  1219 | D        | Noticed a death yak
  1223 | D        | Killed a death yak
  1223 | D        | Received a gift from Trog
  1224 | D        | Reached skill level 16 in Maces & Flails
  1238 | D        | Killed a death yak
  1246 | D        | Killed a death yak
  1247 | D        | Reached skill level 17 in Maces & Flails
  1247 | D        | Reached XP level 11. HP: 97/124 MP: 10/10
  1248 | D        | Reached ****** piety under Trog
  1337 | D        | Noticed Grum
  1346 | D        | Killed Grum
  1346 | D        | Received a gift from Trog
  1411 | D        | Noticed an orc knight
  1422 | D        | Killed an orc knight
  1426 | D        | Received a gift from Trog
  1539 | D        | Received a gift from Trog
  1543 | D        | Reached skill level 18 in Maces & Flails
  1565 | D        | Received a gift from Trog
  1680 | D        | Found Aluoco's Distillery.
  1680 | D        | Noticed an orc knight
  1680 | D        | Noticed an orc knight
  1680 | D        | Noticed an orc knight
  1680 | D        | Noticed an orc high priest
  1680 | D        | Noticed an orc high priest
  1681 | D        | Noticed an orc knight
  1686 | D        | Killed an orc high priest
  1688 | D        | Killed an orc high priest
  1689 | D        | Noticed an orc high priest
  1690 | D        | Noticed an orc high priest
  1692 | D        | Killed an orc knight
  1693 | D        | Found Uhireth's Weapon Shop.
  1694 | D        | Noticed a sixfirhy
  1696 | D        | Killed an orc knight
  1696 | D        | Identified the +2 giant spiked club "Efobes" {vorpal, rN++}
                  | (Trog gifted it to you in the Dungeon)
  1696 | D        | Received a gift from Trog
  1700 | D        | Killed an orc knight
  1701 | D        | Reached skill level 19 in Maces & Flails
  1702 | D        | Killed an orc knight
  1703 | D        | Found Joletwaf's Weapon Boutique.
  1708 | D        | Killed an orc high priest
  1709 | D        | Noticed a sixfirhy
  1710 | D        | Killed an orc high priest
  1711 | D        | Found Beoruamm's Magic Scroll Shop.
  1773 | D        | Noticed an orc high priest
  1774 | D        | Noticed an orc high priest
  1775 | D        | Noticed an orc high priest
  1775 | D        | Noticed an orc high priest
  1778 | D        | Noticed a sun demon
  1779 | D        | Killed an orc high priest
  1785 | D        | Killed an orc high priest
  1785 | D        | Received a gift from Trog
  1786 | D        | Reached XP level 12. HP: 139/139 MP: 11/11
  1791 | D        | Killed an orc high priest
  1794 | D        | Killed an orc high priest
  1795 | D        | Reached skill level 20 in Maces & Flails
  1845 | D        | Bought a potion of invisibility for 88 gold pieces
  1845 | D        | Bought a potion of curing for 33 gold pieces
  1845 | D        | Bought a potion of curing for 33 gold pieces
  1845 | D        | Bought 2 potions of haste for 220 gold pieces
  1845 | D        | Bought a potion of mutation for 88 gold pieces
  1845 | D        | Bought a potion of attraction for 33 gold pieces
  1851 | D        | Bought a scroll of identify for 24 gold pieces
  1851 | D        | Bought a scroll of identify for 24 gold pieces
  1851 | D        | Bought a scroll of enchant weapon for 90 gold pieces
  1851 | D        | Bought a scroll of identify for 24 gold pieces
  1851 | D        | Bought a scroll of identify for 24 gold pieces
  1851 | D        | Bought a scroll of blinking for 90 gold pieces
  1851 | D        | Bought a scroll of holy word for 90 gold pieces
  1917 | D        | Noticed Urug
  1920 | D        | Noticed Eustachio
  1924 | D        | Killed Urug
  1952 | D        | Killed Eustachio
  2139 | D        | Got the +2 robe "Daleloo" {Rampage rF+ rC+}
  2195 | D        | Noticed a tengu warrior
  2195 | D        | Noticed a boulder beetle
  2195 | D        | Noticed a centaur warrior
  2195 | D        | Noticed a centaur warrior
  2197 | D        | Noticed a centaur warrior
  2198 | D        | Killed a centaur warrior
  2200 | D        | Killed a centaur warrior
  2200 | D        | Received a gift from Trog
  2201 | D        | Reached skill level 1 in Evocations
  2201 | D        | Noticed an ettin
  2208 | D        | Killed a boulder beetle
  2209 | D        | Reached skill level 15 in Fighting
  2211 | D        | Killed a tengu warrior
  2214 | D        | Noticed a fire dragon
  2215 | D        | Killed a centaur warrior
  2218 | D        | Killed an ettin
  2218 | D        | Received a gift from Trog
  2219 | D        | Reached skill level 21 in Maces & Flails
  2219 | D        | Noticed an ice dragon
  2225 | D        | Noticed a vampire knight
  2231 | D        | Killed a fire dragon
  2236 | D        | Killed an ice dragon
  2238 | D        | Killed a vampire knight
  2238 | D        | Identified the +6 giant spiked club "Izeimnia" {vorpal,
                  | rElec rF++ rCorr Dex-3} (Trog gifted it to you in the
                  | Dungeon)
  2238 | D        | Received a gift from Trog
  2369 | D        | Noticed Aizul
  2378 | D        | Killed Aizul
  2549 | D        | Noticed Kirke
  2556 | D        | Killed Kirke
  2557 | D        | Reached XP level 13. HP: 150/154 MP: 12/12
  2604 | D        | Noticed an eleionoma
  2612 | D        | Identified the +6 dire flail "Lonavao" {flame, Str+2} (Trog
                  | gifted it to you in the Dungeon)
  2612 | D        | Received a gift from Trog
  2616 | D        | Reached skill level 22 in Maces & Flails
  2619 | D        | Killed an eleionoma
  2621 | D        | Noticed a bunyip
  2624 | D        | Received a gift from Trog
  2635 | D        | Killed a bunyip
  2835 | D        | Received a gift from Trog
  2856 | D        | Identified the +0 giant club "Saesit" {vorpal, Str+3 Int-3
                  | Stlth+} (Trog gifted it to you in the Dungeon)
  2856 | D        | Received a gift from Trog
  2989 | D        | Received a gift from Trog
  3002 | D        | Reached skill level 23 in Maces & Flails
  3142 | D        | Noticed a broodmother
  3147 | D        | Killed a broodmother
  3159 | D        | Identified the +3 giant club of the Lumpy Youths {vorpal,
                  | rC+} (Trog gifted it to you in the Dungeon)
  3159 | D        | Received a gift from Trog
  3306 | D        | Noticed a cyan very ugly thing
  3306 | D        | Noticed a stone giant
  3313 | D        | Killed a stone giant
  3323 | D        | Killed a cyan very ugly thing
  3326 | D        | Noticed a shadow dragon
  3330 | D        | Received a gift from Trog
  3864 | D        | Reached XP level 14. HP: 154/172 MP: 13/13
  3872 | D        | Killed a shadow dragon
  3873 | D        | Reached skill level 24 in Maces & Flails
  3892 | D        | Received a gift from Trog
  3898 | D        | Noticed a red very ugly thing
  3903 | D        | Killed a red very ugly thing
  3908 | D        | Noticed a vampire knight
  3908 | D        | Noticed a fire giant
  3917 | D        | Killed a vampire knight
  3919 | D        | Killed a fire giant
  3919 | D        | Received a gift from Trog
  4069 | D        | Reached skill level 15 in Dodging
  4094 | D        | Noticed an ironbound thunderhulk
  4094 | D        | Noticed an ironbound thunderhulk
  4095 | D        | Noticed an ironbound thunderhulk
  4097 | D        | Killed an ironbound thunderhulk
  4100 | D        | Killed an ironbound thunderhulk
  4106 | D        | Killed an ironbound thunderhulk
  4106 | D        | Received a gift from Trog
  4112 | D        | Noticed an ironbound thunderhulk
  4117 | D        | Reached skill level 25 in Maces & Flails
  4122 | D        | Received a gift from Trog
  4125 | D        | Noticed an ironbound thunderhulk
  4128 | D        | Killed an ironbound thunderhulk
  4135 | D        | HP: 13/264 [ironbound thunderhulk (14)]
  4136 | D        | Killed from afar by an ironbound frostheart

Illustrated notes

Levels and vault maps discovered:
D:        linesprint [early_d, line_temple, items_1, d_10, items_2, lair_1,
          lair_end, items_3, orc_1, orc_end, items_4, d_15, swamp_1, shoals_1,
          snake_1, spider_1, d_20, vaults_1, items_5, swamp_end, shoals_end,
          snake_end, spider_end, vaults_end, d_27, items_6, zot_1, zot_end,
          crypt_end, forest_end, elf_end, slime_end, tomb_end, abyss_end,
          pan_hell_end]

Skill      XL: |  1  2  3  4  5  6  7  8  9 10 11 12 13 14 |
---------------+-------------------------------------------+-----
Maces & Flails | 3 4 6 8 9 11 12 14 17 19 21 23 25 | 25.3
Fighting       | 3 4 5 6 7 8 9 11 12 14 16 19 20 | 20.7
Dodging        | 3 4 5 6 7 8 9 10 11 12 13 14 15 | 15.5
Stealth        | 1 2 3 4 |  4.3
Evocations     | 1 |  1.5

Action                   |  1- 3 |  4- 6 |  7- 9 | 10-12 | 13-15 || total
-------------------------+-------+-------+-------+-------+-------++-------
Melee: Mace              |    47 |     3 |       |       |       ||    50
       Morningstar       |       |    13 |    70 |       |       ||    83
       Great mace        |       |       |       |   122 |       ||   122
       Giant club        |       |       |       |   109 |       ||   109
       Giant spiked club |       |       |       |    13 |   209 ||   222
Invok: Berserk           |     1 |     1 |     3 |     8 |     7 ||    20
       Trog's Hand       |     1 |       |       |       |       ||     1
       Brothers in Arms  |       |       |     1 |       |     1 ||     2
Evoke: Wand              |       |       |       |     1 |     1 ||     2
  Use: Potion            |     1 |       |     2 |       |       ||     3
       Scroll            |       |       |     1 |       |     1 ||     2
Armor: Animal skin       |    24 |     3 |     6 |    20 |       ||    53
       Robe              |       |       |       |    15 |    25 ||    40
Dodge: Dodged            |    31 |     5 |    22 |    79 |    34 ||   171

Table legend: (Time is in decaauts)
 A = Elapsed time spent in this place.
 B = Non-inter-level travel time spent in this place.
 C = Inter-level travel time spent in this place.
 D = Time resting spent in this place.
 E = Time spent auto-exploring this place.
 F = Levels seen in this place.
 G = Mean time per level.
                   A        B        C        D        E       F      G
               +--------+--------+--------+--------+--------+-----+--------+
         Total |   4118 |   4118 |      0 |   2090 |    368 |   1 | 4118.0 |
       Dungeon |   4118 |   4118 |      0 |   2090 |    368 |   1 | 4118.0 |
               +--------+--------+--------+--------+--------+-----+--------+

Top non-repeatable levels by time:
       D: 4118 daAuts
